 Dungeon Crawl Stone Soup version 0.27-a0-1232-gc6a4cbde82 (webtiles) character file.

Game seed: 6879798121809260362

1368 robertstho the Magician (level 8, -1/52 HPs)
             Began as a Djinni Fire Elementalist on June 8, 2021.
             Was an Initiate of Gozag.
             Slain by an adder (4 damage)
             ... on level 5 of the Dungeon.
             The game lasted 00:10:10 (7517 turns).

robertstho the Magician (Djinni Fire Elementalist)  Turns: 7517, Time: 00:10:11

Health: -1/52      AC:  5    Str:  7    XL:     8   Next: 97%
Gold:   284        EV: 13    Int: 19    God:    Gozag SH:  0 Dex: 14

rFire    + + +     SeeInvis .   j - +5 falchion (vorpal)
rCold    x x .     Faith    .   (no shield)
rNeg     . . .     Spirit   .   m - +1 robe {Will+}
rPois    ∞         Reflect  .   g - +0 helmet
rElec    .         Harm     .   (no cloak)
rCorr    .         Rampage  .   k - +0 pair of gloves
Will     +....                  (boots unavailable)
Stlth    ++........             (no amulet)
HPRegen  0.17/turn              i - ring of fire
MPRegen  0.00/turn              (no ring)

@: flying
A: sickness immunity, fire resistance 2, cold vulnerability 1, float, innate
caster, hp casting, extra vitality 1
a: Renounce Religion, Potion Petition, Call Merchant, Bribe Branch


You were on level 5 of the Dungeon.
You worshipped Gozag.
Gozag was aware of your devotion.
You visited 2 branches of the dungeon, and saw 6 of its levels.
You also visited: Sewer.

You collected 396 gold pieces.
You paid 112 gold pieces to Gozag.

Inventory:

Hand Weapons
 b - a +0 dagger
 j - a +5 vorpal falchion (weapon)
Missiles
 n - 5 atropa-tipped darts
 p - a curare-tipped dart
Armour
 g - a +0 helmet (worn)
 k - a +0 pair of gloves (worn)
 m - a +1 robe of willpower (worn)
Jewellery
 i - a ring of fire (left hand)
Wands
 t - a wand of iceblast (10)
Scrolls
 a - a scroll of vulnerability {unknown}
 c - 3 scrolls of fog
 f - 3 scrolls of teleportation
 h - 5 scrolls of identify
 l - a scroll of blinking
 q - a scroll of holy word {unknown}
 r - a scroll of silence {unknown}
Potions
 d - a potion of cancellation
 e - a potion of heal wounds
 o - a potion of lignification {unknown}
 s - a potion of invisibility {unknown}


   Skills:
 + Level 1.0 Fighting
 + Level 0.2 Long Blades
 + Level 3.6 Dodging
 + Level 3.5 Stealth
 + Level 7.4 Spellcasting


You couldn't memorise any spells.
You knew the following spells:

 Your Spells              Type           Power      Damage    Failure   Level
a - Foxfire               Conj/Fire      100%       2x1d9     1%          1
b - Conjure Flame         Conj/Fire      52%        6-21      1%          3
c - Inner Flame           Hex/Fire       52%        N/A       1%          3
d - Sticky Flame          Conj/Fire      52%        2d7       4%          4
e - Fireball              Conj/Fire      26%        3d12      12%         5
f - Sandblast             Erth           70%        2d15      1%          1
g - Passwall              Tmut/Erth      29%        N/A       1%          2
h - Ozocubu's Armour      Ice            35%        N/A       1%          3
Your spell library was empty.

Dungeon Overview and Level Annotations

Branches:
Dungeon (5/15)             Temple (1/1) D:5           Sewer (visited)

Altars:
Ashenzari
Cheibriados
Dithmenos
Elyvilon
Fedhas
Gozag
Hepliaklqana
Kikubaaqudgha
Makhleb
Nemelex Xobeh
Qazlal
Ru
Sif Muna
Trog
Uskayaw
Vehumet
Xom
Yredelemnul
The Shining One

Annotations:
D:2 1 runed translucent door, Crazy Yiuf
D:4 3 runed translucent doors, Pooter's ghost, amateur MiFi


Innate Abilities, Weirdness & Mutations

You are immune to sickness and miasma.
You are immune to poison.
Your flesh is very heat resistant. (rF++)
You are vulnerable to cold. (rC-)
You float through the air rather than walking.
You learn spells naturally, not from books.
Your magical power is your life essence.
You have superior vitality. (+4 HP)


Message History

There is a stone staircase leading up here.
You see here 20 stones.
You see here a +0 giant spiked club.
Key pressed, stopping explore.
You now have 284 gold pieces (gained 8).
There is an open door here.
There is an open door here.
There is an open door here.
Could not explore, unopened runed door.
Could not explore, unopened runed door.
Could not explore, unopened runed door.
Could not explore, unopened runed door.
You reach down and open the large door.
The ogre shouts!
You hear a shout!
You hear an angry hiss.
There is a large open translucent door here.
The ogre hits you with a +0 giant club!
You hit the ogre.
The ogre is lightly wounded.
An adder comes into view.
The ogre hits you with a +0 giant club!!
You slash the ogre!
The ogre is heavily wounded.
The ogre closely misses you.
You riposte.
You barely miss the ogre.
The ogre is heavily wounded.
Casting: Sticky Flame (dangerous; 4% risk of failure)
Confirm with . or Enter, or press ? or * to list all spells.
Aiming: Sticky Flame (dangerous; 4% risk of failure)
Press: ? - help, Shift-Dir - straight line, f - ogre
Aim: an ogre, wielding a +0 giant club (heavily wounded, 100% to hit)
You feel a surge of power!
The sticky flame hits the ogre!
The ogre is almost dead.
The ogre is covered in liquid flames!
* * * LOW HITPOINT WARNING * * *
The ogre burns!
A sky beast comes into view.
The ogre hits you with a +0 giant club!
* * * LOW HITPOINT WARNING * * *
The adder bites you.
You die...
Your body crumbles into a pile of gold.

#.......# ##.#.
##.#####.##### #.#.
#............# #.#.
#..########..## #.#.
#.## Y... ##.(# #.#.
#.# #..# #..# #... #.#
#..# #..########. #.#
#OS# #........... #.#
#@.# #..#########
#.####''####..# ####
#...8#..#8...## #...
#...'....+...# #.##
#...8####8...# #.#
#............## #.#
#.#####.###...## #.#
#.####..##.....#####.#
#....................#


You could see a sky beast (wandering), an ogre (burning) and an adder.

Vanquished Creatures
  Grinder (D:3)
  Sigmund (D:3)
  A necrophage (D:4)
  2 ogres (D:5)
  A kobold brigand (D:4)
  A bullfrog (Sewer)
  A water moccasin skeleton (D:4)
  2 jellies (D:4)
  A bullfrog skeleton (D:5)
  4 hounds
  Terence (D:3)
  An orc wizard (D:4)
  A hound zombie (D:5)
  A hound skeleton (D:4)
  8 gnolls
  8 adders
  An adder skeleton (D:5)
  5 worms
  3 dart slugs
  6 orcs
  8 bats
  19 endoplasms
  20 giant cockroaches
  7 goblins
  8 jackals
  5 quokkas
  14 ball pythons
  14 frilled lizards
  3 kobolds
  3 rats
151 creatures vanquished.

Vanquished Creatures (collateral kills)
  A foxfire (D:4)
1 creature vanquished.

Vanquished Creatures (others)
  748 foxfires
748 creatures vanquished.

Grand Total: 900 creatures vanquished

Notes
Turn   | Place    | Note
-------+----------+-------------------------------------------
     0 | D:1      | robertstho the Djinni Fire Elementalist began the quest for
                  | the Orb.
     0 | D:1      | Reached XP level 1. HP: 15/15 MP: 0/0
   143 | D:1      | Found a faded altar of an unknown god.
   387 | D:1      | Reached XP level 2. HP: 18/21 MP: 0/0
  1228 | D:1      | Reached skill level 3 in Spellcasting
  1388 | D:1      | Reached XP level 3. HP: 17/25 MP: 0/0
  1388 | D:1      | Learned a level 1 spell: Sandblast
  2383 | D:2      | Reached XP level 4. HP: 23/31 MP: 0/0
  2677 | D:2      | Reached XP level 5. HP: 26/35 MP: 0/0
  2677 | D:2      | Learned a level 2 spell: Passwall
  2958 | D:2      | Reached skill level 4 in Spellcasting
  3589 | D:2      | Found a runed translucent door.
  3590 | D:2      | Noticed Crazy Yiuf
  3683 | D:3      | Noticed Grinder
  3684 | D:3      | Paralysed by Grinder for 3 turns
  3710 | D:3      | Killed Grinder
  3711 | D:3      | Reached XP level 6. HP: 22/41 MP: 0/0
  3866 | D:3      | Noticed Terence
  3873 | D:3      | Killed Terence
  3874 | D:3      | Reached skill level 5 in Spellcasting
  3874 | D:3      | Reached XP level 7. HP: 39/46 MP: 0/0
  3874 | D:3      | Learned a level 3 spell: Ozocubu's Armour
  4099 | D:3      | Found a glowing drain.
  4116 | Sewer    | Entered a sewer
  5467 | D:3      | Noticed Sigmund
  5473 | D:3      | Killed Sigmund
  5474 | D:3      | Reached skill level 6 in Spellcasting
  5474 | D:3      | Reached XP level 8. HP: 45/51 MP: 0/0
  6060 | D:4      | Found a runed translucent gate.
  6060 | D:4      | Found a runed translucent gate.
  6060 | D:4      | Found a runed translucent gate.
  6061 | D:4      | Found an opulent altar of Gozag.
  6062 | D:4      | Noticed Pooter's ghost (amateur MiFi)
  6309 | D:4      | Found a glowing golden altar of the Shining One.
  6311 | D:4      | Noticed an angel
  6339 | D:4      | Found a basalt altar of Yredelemnul.
  6460 | D:4      | Reached skill level 7 in Spellcasting
  6630 | D:5      | Entered Level 5 of the Dungeon
  6773 | D:5      | Found a staircase to the Ecumenical Temple.
  6783 | Temple   | Entered the Ecumenical Temple
  6876 | Temple   | Became a worshipper of Gozag Ym Sagoz the Greedy
  7121 | D:5      | Found a large runed translucent door.
  7284 | D:5      | Found a burning altar of Makhleb.
  7289 | D:5      | Found a basalt altar of Yredelemnul.
  7289 | D:5      | Found a blossoming altar of Fedhas.
  7292 | D:5      | Found a hide-covered altar of Uskayaw.
  7292 | D:5      | Found a shimmering altar of Xom.
  7292 | D:5      | Found a shadowy altar of Dithmenos.
  7303 | D:5      | Reached skill level 1 in Fighting
  7494 | D:5      | Found a large runed translucent door.
  7517 | D:5      | Slain by an adder

Illustrated notes

Levels and vault maps discovered:
D:1:      onia_arrival_mini_spirals, layout_basic,
          ebering_ecumenical_altar_hall, minmay_cupped
D:2:      layout_rooms, serial_curves, eino_curves_01, eino_curves_03,
          minmay_fractal_squares_gapless_5, uniq_crazy_yiuf_cottage
D:3:      layout_rooms, cheibrodos_sewer_entry_bend, uniq_grinder, uniq_terence,
          uniq_sigmund
D:4:      layout_gridville, grunt_temple_overflow_holy_war, ebering_ghost_gozag,
          minmay_misc_feat_x, cheibrodos_gnoll_hut
D:5:      layout_loops_ring, doesnt_xom_only_xom, jmf_multi_god_temple2,
          minmay_temple_entry_junction
Temple:   nicolae_temple_elliptical

Skill      XL: |  1  2  3  4  5  6  7  8 |
---------------+-------------------------+-----
Spellcasting   | 3 4 5 6 7 |  7.4
Stealth        | 2 3 |  3.5
Dodging        | 3 |  3.6
Fighting       | 1 |  1.0
Long Blades    | |  0.2

Action                   |  1- 3 |  4- 6 |  7- 9 || total
-------------------------+-------+-------+-------++-------
Melee: Falchion          |       |       |    12 ||    12
 Cast: Foxfire           |    85 |    92 |   254 ||   431
       Sticky Flame      |       |       |     6 ||     6
       Conjure Flame     |       |       |     1 ||     1
  Use: Scroll            |     2 |       |     4 ||     6
 Stab: Sleeping          |       |       |     1 ||     1
Armor: Robe              |     8 |     1 |     6 ||    15
Dodge: Dodged            |    25 |    10 |    26 ||    61
       Rpst.: Falchion   |       |       |     7 ||     7

Table legend: (Time is in decaauts)
 A = Elapsed time spent in this place.
 B = Non-inter-level travel time spent in this place.
 C = Inter-level travel time spent in this place.
 D = Time resting spent in this place.
 E = Time spent auto-exploring this place.
 F = Levels seen in this place.
 G = Mean time per level.
                   A        B        C        D        E       F      G
               +--------+--------+--------+--------+--------+-----+--------+
         Total |   7520 |   7351 |    169 |    273 |   6060 |   7 | 1074.3 |
       Dungeon |   6294 |   6138 |    156 |    273 |   5093 |   5 | 1258.8 |
        Temple |    106 |     93 |     13 |      0 |     89 |   1 |  106.0 |
         Sewer |   1119 |   1119 |      0 |      0 |    878 |   1 | 1119.0 |
               +--------+--------+--------+--------+--------+-----+--------+

Top non-repeatable levels by time:
     D:1: 2256 daAuts
     D:2: 1355 daAuts
   Sewer: 1119 daAuts
     D:4: 996 daAuts
     D:3: 901 daAuts
     D:5: 783 daAuts
  Temple: 106 daAuts
